 Dungeon Crawl Stone Soup version 0.29-a0-551-gffc1d7fb78 (webtiles) character file.

Game seed: 196086342921459803

506 spaghetti the Insei (level 7, -1/52 HPs)
             Began as a Gnoll Transmuter on June 5, 2022.
             Slain by a black bear (4 damage)
             ... on level 4 of the Dungeon.
             The game lasted 00:04:21 (3586 turns).

spaghetti the Insei (Gnoll Transmuter)              Turns: 3586, Time: 00:04:22

Health: -1/52      AC:  2    Str: 11    XL:     7   Next: 18%
Magic:  20/24      EV: 13    Int: 12    God:
Gold:   70         SH: 12    Dex: 13    Spells: 14/17 levels left

rFire   . . .      SeeInvis .   e - +2 short sword (venom) {short}
rCold   . . .      Faith    .   n - +0 tower shield
rNeg    . . .      Spirit   .   a - +0 robe
rPois   .          Reflect  .   (no helmet)
rElec   .          Harm     .   (no cloak)
rCorr   .          Rampage  .   (no gloves)
Will    .....                   (no boots)
Stlth   ++........              (no amulet)
HPRegen 0.17/turn               h - +4 ring of evasion
MPRegen 0.19/turn               l - ring of magical power

@: flying
A: fangs 1, strong nose, distributed training
a: no special abilities


You were on level 4 of the Dungeon.
You visited 1 branch of the dungeon, and saw 4 of its levels.

You collected 70 gold pieces.


Innate Abilities, Weirdness & Mutations

You have very sharp teeth.
Your uncanny sense of smell can sniff out nearby items.
Your experience applies equally to all skills.


   Skills:
 + Level 3.5 Fighting
 + Level 2.3 Short Blades
 + Level 2.3 Long Blades
 + Level 2.3 Axes
 + Level 2.3 Maces & Flails
 + Level 2.3 Polearms
 + Level 2.3 Staves
 + Level 2.3 Slings
 + Level 2.3 Bows
 + Level 2.3 Crossbows
 + Level 2.3 Throwing
 + Level 2.3 Armour
 + Level 5.1 Dodging
 + Level 2.3 Stealth
 + Level 2.3 Shields
 + Level 7.0 Unarmed Combat
 + Level 5.5 Spellcasting
 + Level 1.9 Conjurations
 + Level 1.9 Hexes
 + Level 1.9 Summonings
 + Level 1.9 Necromancy
 + Level 1.9 Translocations
 + Level 4.2 Transmutations
 + Level 1.9 Fire Magic
 + Level 1.9 Ice Magic
 + Level 1.9 Air Magic
 + Level 1.9 Earth Magic
 + Level 1.9 Poison Magic
 + Level 2.5 Invocations
 + Level 2.3 Evocations


You had 14 spell levels left.
You knew the following spells:

 Your Spells              Type           Power      Damage    Failure   Level
a - Beastly Appendage     Tmut           26%        N/A       43%         1
b - Wereblood             Tmut           13%        N/A       56%         2

Your spell library contained the following spells:

 Spells                   Type           Power      Damage    Failure   Level
 Shock                    Conj/Air       28%        1d4       77%         1
 Slow                     Hex            28%        N/A       77%         1
 Summon Small Mammal      Summ           28%        N/A       77%         1
 Spider Form              Tmut/Pois      10%        N/A       93%         3
 Confusing Touch          Hex            7%         N/A       98%         3
 Vampiric Draining        Necr           7%         2d6       98%         3
 Ice Form                 Ice/Tmut       10%        N/A       100%        4
 Summon Mana Viper        Hex/Summ       7%         N/A       100%        5
 Malign Gateway           Summ/Tloc      3%         N/A       100%        7

Inventory:

Hand Weapons
 e - a +2 short sword of venom (weapon) {short}
   (You took it off a kobold on level 3 of the Dungeon)
Missiles
 d - 75 stones {throwing}
 g - 3 poisoned darts {throwing}
 j - 2 datura-tipped darts {throwing}
Armour
 a - a +0 robe (worn)
 n - a +0 tower shield (worn)
   (You found it on level 2 of the Dungeon)
Jewellery
 h - a +4 ring of evasion (left hand)
   (You found it on level 1 of the Dungeon)
 l - a ring of magical power (right hand)
   (You found it on level 3 of the Dungeon)
Wands
 p - a wand of iceblast (6)
   (You found it on level 4 of the Dungeon)
Scrolls
 c - a scroll of vulnerability {unknown}
 i - 4 scrolls of teleportation {unknown}
 k - a scroll of blinking {unknown}
Potions
 b - 2 potions of lignification {!q}
 m - a potion of cancellation
 o - a potion of haste {@q3}

Dungeon Overview and Level Annotations

Branches:
Dungeon (4/15)
 Temple: D:4-7

Altars:
Elyvilon
Yredelemnul

Annotations:
D:4 2 transporters, Sabo's ghost, amateur HOFi

.... .... ......
.... .##..## ....
....... .##..#
#.##..#
....?.##.##..#
.##..........#
.......J.##.)#
......h@##...#
.##.#........#
............#
##.#.......####+#+#
# #...............
#...............
.................
#.#.#.....######.#
#.#.#.............


You could see a black bear (berserk, extremely poisoned) and an endoplasm.


Message History

You miscast Beastly Appendage.
Nothing appears to happen.
Casting: Beastly Appendage (safe; 43% risk of failure)
Confirm with . or Enter, or press ? or * to list all spells.
You grow a pair of large bovine horns.
Your feet morph into talons.
You howl as the wereblood boils in your veins!
Your transformation is almost over. 😕 MP[-1]
You lost 1 mp, and now have 18/24 mp.
You are too injured to fight recklessly!
You barely miss the black bear. Your kick misses the black bear.
You headbutt the black bear. Your bite misses the black bear.
The black bear bites you. You block the black bear's attack.
The black bear claws you but does no damage.
You block the black bear's attack. x2; The black bear claws you. 😕 HP[-4]
You take 4 damage, and now have 41/52 hp.
You hit the black bear.
The black bear is poisoned.
Your kick misses the black bear.
Your primal bloodlust has ended.
The black bear bites you. You block the black bear's attack.
The black bear closely misses you. 😮 HP[-6]
You take 6 damage, and now have 35/52 hp.
You hit the black bear but do no damage.
The black bear looks as sick as possible!
The endoplasm freezes you.
You are frozen.
The black bear bites you.
* * * LOW HITPOINT WARNING * * *
The black bear barely misses you. The black bear claws you.
* * * LOW HITPOINT WARNING * * *
You block the black bear's attack. x3; The endoplasm barely misses you. 😨 HP[-12] MP[+1]
You take 12 damage, and now have 23/52 hp.
MASSIVE DAMAGE!! (PAUSE)
You hit the black bear. Your kick misses the black bear.
You headbutt the black bear, but do no damage.
The endoplasm freezes you.
You are frozen.
* * * LOW HITPOINT WARNING * * *
The black bear bites you.
* * * LOW HITPOINT WARNING * * *
You block the black bear's attack. The black bear claws you.
* * * LOW HITPOINT WARNING * * *
😨 HP[-8]
You take 8 damage, and now have 15/52 hp.
You barely miss the black bear. You headbutt the black bear.
The endoplasm barely misses you. You block the black bear's attack.
The black bear barely misses you. The black bear misses you.
Unknown command.
You hit the black bear.
The black bear looks as sick as possible!
You bite the black bear, but do no damage.
The endoplasm closely misses you. You block the black bear's attack. x2
The black bear claws you.
* * * LOW HITPOINT WARNING * * *
The endoplasm closely misses you. You block the black bear's attack.
The black bear claws you.
* * * LOW HITPOINT WARNING * * *
The black bear barely misses you. 😱 HP[-3]
You take 3 damage, and now have 12/52 hp.
It was a potion of cancellation.
Your magical effects are unravelling.
You feel magically purged.
Your magical contamination has completely faded away.
Your horns disappear.
Your talons disappear.
The endoplasm freezes you.
You are frozen.
* * * LOW HITPOINT WARNING * * *
You block the black bear's attack. x2; The black bear misses you. 😱 HP[-4] MP[+1]
You take 4 damage, and now have 8/52 hp.
It was a potion of flight.
You feel very buoyant.
You fly up into the air.
The endoplasm hits you but does no damage.
The black bear goes berserk!
Unknown command.
Unknown command.
Unknown command.
Okay, then.
You hit the black bear.
The black bear looks as sick as possible!
Your bite misses the black bear. You block the black bear's attack. x2
The black bear claws you.
* * * LOW HITPOINT WARNING * * *
The endoplasm freezes you.
You are frozen.
* * * LOW HITPOINT WARNING * * *
The black bear closely misses you. You block the black bear's attack.
The black bear closely misses you. 😱 HP[-5]
You take 5 damage, and now have 3/52 hp.
Unknown command.
Unknown command.
You hit the black bear but do no damage.
You block the black bear's attack. The black bear closely misses you.
The black bear claws you.
You die...

Skill      XL: |  1  2  3  4  5  6  7 |
---------------+----------------------+-----
Spellcasting   | 5 |  5.5
Fighting       | 3 |  3.5
Short Blades   | 1 2 |  2.3
Long Blades    | 1 2 |  2.3
Axes           | 1 2 |  2.3
Maces & Flails | 1 2 |  2.3
Polearms       | 1 2 |  2.3
Staves         | 1 2 |  2.3
Slings         | 1 2 |  2.3
Bows           | 1 2 |  2.3
Crossbows      | 1 2 |  2.3
Throwing       | 1 2 |  2.3
Armour         | 1 2 |  2.3
Stealth        | 1 2 |  2.3
Shields        | 1 2 |  2.3
Conjurations   | 1 |  1.9
Hexes          | 1 |  1.9
Summonings     | 1 |  1.9
Necromancy     | 1 |  1.9
Translocations | 1 |  1.9
Transmutations | 4 |  4.2
Fire Magic     | 1 |  1.9
Ice Magic      | 1 |  1.9
Air Magic      | 1 |  1.9
Earth Magic    | 1 |  1.9
Poison Magic   | 1 |  1.9
Invocations    | 1 2 |  2.5
Evocations     | 1 2 |  2.3
Dodging        | 5 |  5.1
Unarmed Combat | 7 |  7.0

Action                   |  1- 3 |  4- 6 |  7- 9 || total
-------------------------+-------+-------+-------++-------
Melee: Unarmed           |    67 |    15 |       ||    82
       Kick              |     5 |       |       ||     5
       Bite              |     6 |     8 |     5 ||    19
       Punch             |     2 |       |       ||     2
       Headbutt          |     3 |       |     3 ||     6
       Short sword       |       |    66 |    19 ||    85
 Cast: Beastly Appendage |     9 |       |     1 ||    10
       Wereblood         |       |     6 |     1 ||     7
  Use: Potion            |     3 |     1 |     2 ||     6
 Stab: Sleeping          |     3 |       |       ||     3
Armor: Robe              |    13 |     8 |     3 ||    24
       Skin              |       |     1 |       ||     1
Dodge: Dodged            |    38 |    63 |    15 ||   116
Block: Tower shield      |     7 |    77 |    27 ||   111

Levels and vault maps discovered:
D:1:      saegor_arrival_simple_e, layout_basic,
          shapermc_ecumenical_altar_mp_urbaneastern, minmay_misc_feat_x
D:2:      layout_loops_ring, basic_altar, kennysheep_generic_room_15
D:3:      layout_basic, mainiacjoe_overflow_concentric_impassable,
          minmay_goblin_outpost, uniq_sigmund
D:4:      layout_basic, gammafunk_ghost_mausoleum, serial_bayou_pond_a

Notes
Turn   | Place    | Note
-------+----------+-------------------------------------------
     0 | D:1      | spaghetti the Gnoll Transmuter began the quest for the Orb.
     0 | D:1      | Reached XP level 1. HP: 17/17 MP: 6/6
     0 | D:1      | magus.rc [v1.9.6]
   225 | D:1      | You pick up a book of Debilitation and begin reading...
   225 | D:1      | You add the spells Slow, Vampiric Draining and Confusing
                  | Touch to your library.
   338 | D:1      | Reached XP level 2. HP: 18/23 MP: 5/7
   762 | D:1      | Found a faded altar of an unknown god.
  1239 | D:2      | Found a white marble altar of Elyvilon.
  1320 | D:2      | Reached XP level 3. HP: 28/28 MP: 9/9
  1333 | D:2      | Reached skill level 5 in Spellcasting
  1802 | D:3      | Noticed Sigmund
  1815 | D:3      | Killed Sigmund
  1816 | D:3      | Reached skill level 3 in Fighting
  1816 | D:3      | Reached skill level 1 in Short Blades
  1816 | D:3      | Reached skill level 1 in Long Blades
  1816 | D:3      | Reached skill level 1 in Axes
  1816 | D:3      | Reached skill level 1 in Maces & Flails
  1816 | D:3      | Reached skill level 1 in Polearms
  1816 | D:3      | Reached skill level 1 in Staves
  1816 | D:3      | Reached skill level 1 in Slings
  1816 | D:3      | Reached skill level 1 in Bows
  1816 | D:3      | Reached skill level 1 in Crossbows
  1816 | D:3      | Reached skill level 1 in Throwing
  1816 | D:3      | Reached skill level 1 in Armour
  1816 | D:3      | Reached skill level 1 in Stealth
  1816 | D:3      | Reached skill level 1 in Shields
  1816 | D:3      | Reached skill level 1 in Conjurations
  1816 | D:3      | Reached skill level 1 in Hexes
  1816 | D:3      | Reached skill level 1 in Summonings
  1816 | D:3      | Reached skill level 1 in Necromancy
  1816 | D:3      | Reached skill level 1 in Translocations
  1816 | D:3      | Reached skill level 4 in Transmutations
  1816 | D:3      | Reached skill level 1 in Fire Magic
  1816 | D:3      | Reached skill level 1 in Ice Magic
  1816 | D:3      | Reached skill level 1 in Air Magic
  1816 | D:3      | Reached skill level 1 in Earth Magic
  1816 | D:3      | Reached skill level 1 in Poison Magic
  1816 | D:3      | Reached skill level 1 in Invocations
  1816 | D:3      | Reached skill level 1 in Evocations
  1816 | D:3      | Reached XP level 4. HP: 17/35 MP: 9/11
  1816 | D:3      | Reached XP level 5. HP: 20/41 MP: 9/12
  2194 | D:3      | You add the spells Shock, Summon Small Mammal, Summon Mana
                  | Viper and Malign Gateway to your library.
  2194 | D:3      | Got Zoisicsy's Handbook of Damaging Summoning
  2402 | D:3      | Learned a level 2 spell: Wereblood
  2419 | D:3      | HP: 9/41 [orc/+0 flail (7)]
  2423 | D:3      | Reached skill level 2 in Invocations
  2423 | D:3      | Reached XP level 6. HP: 15/47 MP: 13/13
  2722 | D:3      | Found a basalt altar of Yredelemnul.
  2868 | D:3      | Reached skill level 5 in Dodging
  2870 | D:3      | Reached skill level 2 in Short Blades
  2870 | D:3      | Reached skill level 2 in Long Blades
  2870 | D:3      | Reached skill level 2 in Axes
  2870 | D:3      | Reached skill level 2 in Maces & Flails
  2870 | D:3      | Reached skill level 2 in Polearms
  2870 | D:3      | Reached skill level 2 in Staves
  2870 | D:3      | Reached skill level 2 in Slings
  2870 | D:3      | Reached skill level 2 in Bows
  2870 | D:3      | Reached skill level 2 in Crossbows
  2870 | D:3      | Reached skill level 2 in Throwing
  2870 | D:3      | Reached skill level 2 in Armour
  2870 | D:3      | Reached skill level 2 in Stealth
  2870 | D:3      | Reached skill level 2 in Shields
  2870 | D:3      | Reached skill level 2 in Evocations
  3383 | D:4      | Found a transporter.
  3384 | D:4      | Found a transporter.
  3384 | D:4      | Noticed Sabo's ghost (amateur HOFi)
  3390 | D:4      | Noticed a black bear
  3409 | D:4      | Killed a black bear
  3410 | D:4      | Reached XP level 7. HP: 32/52 MP: 15/15
  3564 | D:4      | Reached skill level 7 in Unarmed Combat
  3582 | D:4      | HP: 13/52 [black bear (2)]
  3585 | D:4      | HP: 6/52 [black bear (2)]
  3586 | D:4      | Slain by a black bear

Vanquished Creatures
  Sigmund (D:3)
  A black bear (D:4)
  A scorpion (D:4)
  An orc priest (D:3)
  8 gnolls (D:3)
  3 adders
  A dart slug (D:2)
  2 orcs (D:3)
  4 ball pythons
  4 endoplasms
  A giant cockroach (D:1)
  7 goblins
  6 hobgoblins
  2 jackals (D:3)
  6 bats
  3 frilled lizards
  8 kobolds
  2 rats (D:3)
61 creatures vanquished.

Vanquished Creatures (others)
  2 fungi (D:1)
  A plant (D:1)
3 creatures vanquished.

Grand Total: 64 creatures vanquished

Table legend:
 A = Non-vault XP
 B = Vault XP
 C = Vault XP percentage of total XP
 D = Non-vault monster count
 E = Vault monster count
 F = Vault count percentage of total count
                 A         B        C        D         E       F
            +---------+---------+-------+---------+---------+-------
      Total |     472 |     252 |  34.8 |      55 |       6 |   9.8
            +---------+---------+-------+---------+---------+-------
        D:1 |      27 |       0 |   0.0 |      17 |       0 |   0.0
        D:2 |      14 |       2 |  12.5 |       7 |       1 |  12.5
        D:3 |     202 |     250 |  55.3 |      25 |       5 |  16.7
        D:4 |     229 |       0 |   0.0 |       6 |       0 |   0.0
            +---------+---------+-------+---------+---------+-------

Illustrated notes

Table legend:
 A = Kills in this place as a percentage of kills in entire the game.
 B = Kills by you in this place as a percentage of kills by you in the entire game.
 C = Kills by friends in this place as a percentage of kills by friends in the entire game.
 D = Other kills in this place as a percentage of other kills in the entire game.
 E = Experience gained in this place as a percentage of experience gained in the entire game.
 F = Experience gained in this place divided by the number of levels of this place that you have seen.
                   A       B       C       D       E      F
               +-------+-------+-------+-------+-------+----------------------
         Total | 100.0 | 100.0 |   N/A |   N/A | 100.0 | 181.0
       Dungeon | 100.0 | 100.0 |   N/A |   N/A | 100.0 | 181.0
               +-------+-------+-------+-------+-------+----------------------

Table legend: (Time is in decaauts)
 A = Elapsed time spent in this place.
 B = Non-inter-level travel time spent in this place.
 C = Inter-level travel time spent in this place.
 D = Time resting spent in this place.
 E = Time spent auto-exploring this place.
 F = Levels seen in this place.
 G = Mean time per level.
                   A        B        C        D        E       F      G
               +--------+--------+--------+--------+--------+-----+--------+
         Total |   3601 |   3527 |     74 |    168 |   2876 |   4 |  900.2 |
       Dungeon |   3601 |   3527 |     74 |    168 |   2876 |   4 |  900.2 |
               +--------+--------+--------+--------+--------+-----+--------+

Top non-repeatable levels by time:
     D:3: 1587 daAuts
     D:1: 1064 daAuts
     D:2: 731 daAuts
     D:4: 218 daAuts
